 Dungeon Crawl Stone Soup version 0.19-a0-1608-g4cf22de (webtiles) character file.

15 jacquesderrida the Charmwright (level 2, 4/15 HPs)
             Began as a Vine Stalker Skald on Sept 17, 2016.
             Quit the game on level 2 of the Dungeon.
             The game lasted 00:00:42 (206 turns).

jacquesderrida the Charmwright (Vine Stalker Skald)  Turns: 206, Time: 00:00:43

Health: 4/15       AC:  3    Str: 14    XL:     2   Next: 50%
Magic:  6/6        EV: 11    Int: 12    God:
Gold:   61         SH:  0    Dex: 13    Spells: 1 memorised, 4 levels left

rFire  . . .     SeeInvis .     a - +0 falchion
rCold  . . .     Gourm    .     b - +0 leather armour
rNeg   . . .     Faith    .     (no shield)
rPois  .         Spirit   +     (no helmet)
rElec  .         Dismiss  .     (no cloak)
rCorr  .         Reflect  .     (no gloves)
MR     .....     Harm     +     (no boots)
Stlth  +.........               h - amulet of harm
                                (no ring)
                                (no ring)

@: no status effects
A: fangs 2, magic shield, antimagic bite, no device heal 3, rot immunity
a: no special abilities


You were on level 2 of the Dungeon.
You were not hungry.

You visited 1 branch of the dungeon, and saw 2 of its levels.

You collected 61 gold pieces.

Inventory:

Hand Weapons
 a - a +0 falchion (weapon)
Missiles
 e - 7 tomahawks of returning (quivered)
Armour
 b - a +0 leather armour (worn)
Jewellery
 h - an amulet of harm (around neck)
Scrolls
 f - a scroll of identify {unknown}
Books
 c - a book of Battle

   Spells                             Type                      Level
   a - Infusion                       Charms                       1
   b - Shroud of Golubria             Charms/Translocation         2
   c - Song of Slaying                Charms                       2
   d - Spectral Weapon                Hexes/Charms                 3
   e - Regeneration                   Charms/Necromancy            3
Comestibles
 d - 2 bread rations
 g - a beef jerky


   Skills:
 - Level 1.7 Fighting
 + Level 2.7 Long Blades
 - Level 0.7 Armour
 - Level 0.7 Dodging
 - Level 2.1 Spellcasting
 - Level 3.0 Charms


You had 4 spell levels left.
You knew the following spells:

 Your Spells              Type           Power        Failure   Level  Hunger
a - Infusion              Chrm           #...         12%         1    ##.....


Dungeon Overview and Level Annotations

Branches:
Dungeon (2/15)

Altars:


Innate Abilities, Weirdness & Mutations

You have extremely sharp teeth.
When hurt, damage is shared between your health and your magic reserves.
Your bite disrupts and absorbs the magic of your enemies.
Potions and wands cannot restore your health.
You are immune to rotting.


Message History

You now have 45 gold pieces (gained 10).
There is a stone staircase leading down here.
Found a leather armour and a whip.
You now have 61 gold pieces (gained 16).
(D) Dungeon
Where to? (? - help)
There is a stone staircase leading down here.
You climb downwards.
A hobgoblin comes into view. It is wielding a club.
The hobgoblin shouts!
Found a beef jerky.
Found a stone staircase leading up.
There is a stone staircase leading up here.
Found a small filigree amulet.
g - a beef jerky
There are no items here.
h - a small filigree amulet
There are no items here.
Put on which piece of jewellery? (? for menu, Esc to quit)
h - an amulet of harm (around neck) Are you sure you want to abandon this character and quit the game? (Confirm with "yes".)

#.. #.# #.. #.#
#..##.# #.....#
#.<...#
#.....####.##..
#......<.....#
#....#####g..#
#....@.# ...
#....#..# g
#....##...#
#....# ##....
#....# ###
###.## #. ..


There were no monsters in sight!

Vanquished Creatures
  An ooze (D:1)
  A dart slug (D:1)
  A bat (D:1)
  A goblin (D:1)
  2 hobgoblins (D:1)
  2 frilled lizards (D:1)
  A kobold (D:1)
9 creatures vanquished.

Notes
Turn   | Place    | Note
-------+----------+-------------------------------------------
     0 | D:1      | jacquesderrida the Vine Stalker Skald began the quest for the Orb.
     0 | D:1      | Reached XP level 1. HP: 11/11 MP: 4/4
    87 | D:1      | Reached XP level 2. HP: 11/15 MP: 4/6
   206 | D:2      | Quit the game

Vault maps used:
D:1:      lightli_arrival_statuegarden, serial_forest,
          infiniplex_forest_straight_1, infiniplex_forest_end_1,
          infiniplex_forest_clump_small, infiniplex_forest_clump_tiny,
          infiniplex_forest_end_1, infiniplex_forest_clump_medium,
          infiniplex_forest_straight_3, minmay_pentomino_u4

Skill      XL: |  1 |
---------------+----+-----
Long Blades    | 2 |  2.7
Fighting       | |  1.7
Armour         | |  0.7
Dodging        | |  0.7
Spellcasting   | |  2.1
Charms         | |  3.0

Action                   || total
-------------------------++-------
Melee: Falchion          ||    28
       Bite              ||     4
Armor: Leather armour    ||     4
Dodge: Dodged            ||    10
